 Dungeon Crawl Stone Soup version 0.27-a0-1273-gec92ba881d (webtiles) character file.

Game seed: 15021156597419948588

80059 polve the Severer (level 15, -4/115 HPs)
             Began as a Demonspawn Gladiator on June 11, 2021.
             Was the Champion of Makhleb.
             Slain by a sixfirhy (10 damage)
             ... led by a cacodemon
             ... on level 2 of the Abyss.
             The game lasted 00:29:45 (26272 turns).

polve the Severer (Demonspawn Gladiator)           Turns: 26272, Time: 00:29:46

Health: -4/115     AC: 31    Str: 22    XL:     15   Next: 22%
Magic:  22/22      EV: 13    Int: 14    God:    Makhleb [******]
Gold:   804        SH: 14    Dex: 15    Spells: 14/14 levels left

rFire    + + +     SeeInvis .   O - +2 broad axe (flame)
rCold    . . .     Faith    .   J - +0 kite shield
rNeg     . . .     Spirit   .   b - +2 crystal plate armour
rPois    +         Reflect  .   V - +2 hat {Int+3}
rElec    .         Harm     .   B - scarf {repulsion}
rCorr    +         Rampage  .   R - +2 pair of gloves of Rebluar {rPois rCorr Dex-2}
Will     ++...                  (boots unavailable)
Stlth    ..........             j - amulet of the acrobat
HPRegen  0.29/turn              i - ring of Midnight {rF+++ rCorr EV+4 Dex+3}
MPRegen  0.18/turn              G - +4 ring of protection

@: mighty, agile, about to teleport, repel missiles
A: talons 3, yellow scales 3, powered by pain 2, demonic magic 1, demonic
willpower, passive freeze, strong 1
a: Renounce Religion, Minor Destruction, Lesser Servant of Makhleb, Major
Destruction, Greater Servant of Makhleb


You were on level 2 of the Abyss.
You worshipped Makhleb.
Makhleb was exalted by your worship.
You visited 4 branches of the dungeon, and saw 22 of its levels.
You visited the Abyss 1 time.

You collected 2713 gold pieces.
You spent 1909 gold pieces at shops.

Inventory:

Hand Weapons
 C - a +0 broad axe of freezing
 O - a +2 broad axe of flaming (weapon)
Missiles
 d - 5 throwing nets
 e - 5 curare-tipped darts
 r - 10 atropa-tipped darts
 M - 10 boomerangs of dispersal
Armour
 b - a +2 crystal plate armour (worn)
 B - a scarf of repulsion (worn)
 J - a +0 kite shield (worn)
 R - the +2 pair of gloves of Rebluar (worn) {rPois rCorr Dex-2}
   (You acquired it on level 2 of the Lair of Beasts)

   It affects your dexterity (-2).
   It protects you from poison.
   It protects you from acid and corrosion.
 V - a +2 hat of intelligence (worn)
Jewellery
 i - the ring of Midnight (left hand) {rF+++ rCorr EV+4 Dex+3}
   (You acquired it on level 11 of the Dungeon)

   [ring of evasion]

   It affects your evasion (+4).
   It affects your dexterity (+3).
   It renders you almost immune to fire.
   It protects you from acid and corrosion.
 j - an amulet of the acrobat (around neck)
 G - a +4 ring of protection (right hand)
Wands
 m - a wand of polymorph (25)
 v - a wand of mindburst (52)
 E - a wand of flame (42)
 I - a wand of digging (20)
 N - a wand of iceblast (26)
 Q - a wand of paralysis (5)
Scrolls
 f - 3 scrolls of fear
 q - 8 scrolls of teleportation
 s - 2 scrolls of identify
 t - 4 scrolls of magic mapping
 x - 7 scrolls of amnesia
 y - a scroll of enchant armour
 A - 4 scrolls of immolation
 D - 3 scrolls of blinking
 H - 3 scrolls of vulnerability
 P - 3 scrolls of silence
Potions
 a - a potion of experience {unknown}
 c - 2 potions of haste
 g - 4 potions of flight
 h - a potion of magic
 k - 3 potions of attraction
 l - 4 potions of mutation
 n - 5 potions of might
 o - 4 potions of brilliance
 p - 9 potions of curing
 u - 10 potions of lignification
 w - 3 potions of cancellation
 K - 2 potions of resistance
 L - 3 potions of ambrosia
 S - 2 potions of heal wounds
 T - a potion of invisibility


   Skills:
 - Level 10.0 Fighting
 + Level 15.4 Axes
 - Level 1.7 Throwing
 - Level 4.0 Armour
 - Level 2.6 Dodging
 - Level 15.0 Shields
 - Level 10.5 Invocations


You had 14 spell levels left.
You didn't know any spells.
Your spell library contained the following spells:

 Spells                   Type           Power      Damage    Failure   Level
 Apportation              Tloc           0%         N/A       100%        1
 Beastly Appendage        Tmut           0%         N/A       100%        1
 Foxfire                  Conj/Fire      0%         2x1d4     100%        1
 Freeze                   Ice            0%         1d3       100%        1
 Sandblast                Erth           0%         2d4       100%        1
 Corpse Rot               Necr/Air       N/A        N/A       100%        2
 Passwall                 Tmut/Erth      0%         N/A       100%        2
 Sublimation of Blood     Necr           0%         N/A       100%        2
 Wereblood                Tmut           0%         N/A       100%        2
 Conjure Flame            Conj/Fire      0%         6-21      100%        3
 Dazzling Flash           Conj/Hex       0%         N/A       100%        3
 Frozen Ramparts          Ice            0%         1d2       100%        3
 Gell's Gravitas          Tloc           0%         N/A       100%        3
 Inner Flame              Hex/Fire       0%         N/A       100%        3
 Ozocubu's Armour         Ice            0%         N/A       100%        3
 Spider Form              Tmut/Pois      0%         N/A       100%        3
 Stone Arrow              Conj/Erth      0%         3d7       100%        3
 Dispel Undead            Necr           0%         3d6       100%        4
 Hailstorm                Conj/Ice       0%         3d3       100%        4
 Ice Form                 Ice/Tmut       0%         N/A       100%        4
 Petrify                  Tmut/Erth      0%         N/A       100%        4
 Sticky Flame             Conj/Fire      0%         2d3       100%        4
 Agony                    Necr           0%         N/A       100%        5
 Excruciating Wounds      Necr           0%         N/A       100%        5
 Fireball                 Conj/Fire      0%         3d3       100%        5
 Lee's Rapid Deconstruct  Erth           0%         3d5*      100%        5
 Metabolic Englaciation   Hex/Ice        0%         N/A       100%        5
 Malign Gateway           Summ/Tloc      0%         N/A       100%        7
 Discord                  Hex            0%         N/A       100%        8


Dungeon Overview and Level Annotations

Branches:
Dungeon (13/15)            Temple (1/1) D:6            Lair (6/6) D:8
 Shoals (0/4) Lair:3        Snake (0/4) Lair:4        Slime (0/5) Lair:5
    Orc (2/2) D:10            Elf (0/3) Orc:2
 Vaults: D:13-14

Altars:
Ashenzari
Cheibriados
Dithmenos
Elyvilon
Fedhas
Gozag
Hepliaklqana
Kikubaaqudgha
Makhleb
Nemelex Xobeh
Okawaru
Qazlal
Ru
Sif Muna
Trog
Uskayaw
Vehumet
Wu Jian
Xom
Yredelemnul
Zin
The Shining One
Beogh
Jiyva

Shops:
Orc:1 [   Orc:2 =*[(

Annotations:
D:11 3 runed translucent doors, rigao's ghost, journeyman MfVM


Innate Abilities, Weirdness & Mutations

You have claws for feet.
You are completely covered in yellow scales. (AC +4, rCorr)
You sometimes gain power by taking damage.
Spells you cast may paralyse adjacent enemies.
You punish those that try to bend your will. (Will+)
A frigid envelope surrounds you and freezes all who hurt you.
Your muscles are strong. (Str +2)


Message History

You feel better.
A cacodemon comes into view.
A lurking horror comes into view.
A sixfirhy comes into view.
You see here a raiju corpse.
You hear a grinding noise.
Your crystal plate armour prevents you from hitting the lurking horror.
Your kick misses the lurking horror.
Your body is wracked with pain!
You focus on the pain.
You feel agile all of a sudden.
The raiju convulses!
The raiju bursts into living lightning!
The living lightning misses you.
The raiju blinks!
You hear a roar!
You slice the raiju!! You burn the raiju.
You kill the raiju!
Makhleb accepts your kill.
You feel better.
You closely miss the sixfirhy. You completely miss the sixfirhy.
The cacodemon gestures at you. The bolt of energy hits you!!
* * * LOW HITPOINT WARNING * * *
You focus on the pain.
You feel more agile all of a sudden.
You closely miss the sixfirhy. You claw the sixfirhy!
The sixfirhy is heavily wounded.
The sixfirhy misses you.
A small abomination comes into view.
As you read the scroll of teleportation, it crumbles to dust.
You feel strangely unstable.
You feel the power of the Abyss delaying your translocation!
The sixfirhy hits you but does no damage.
The sixfirhy is very cold.
The sixfirhy is moderately wounded.
The sixfirhy hits you but does no damage.
The sixfirhy is very cold.
The sixfirhy is heavily wounded.
The sixfirhy hits you!
* * * LOW HITPOINT WARNING * * *
The sixfirhy shocks you!
You die...

# . ## . .. .#.#..# #
.## .#.##.#.....#2. .
.# ###..#.§..#....4#.
.. #
##.........#...3...
#.......#..43...... ..
##..........#.... .. ..
.#..................
............#.†..... .
...
.......†@3.†.†.......
#.
......................
. .
...................3
............#.........
. ....................
.
..................#....
. ................. ...
. #......#...###x......


You could see an orange demon, a sixfirhy, a smoke demon and a small
abomination.

Vanquished Creatures
  Gastronok (Orc:1)
  A tentacled starspawn (Abyss:2)
  An orc warlord (Orc:2)
  A very ugly thing (D:11)
  Azrael (D:13)
  An ice dragon (Lair:6)
  7 hydras
  A boulder beetle (D:11)
  3 two-headed ogres
  A death yak (Lair:6)
  A tengu warrior (D:10)
  4 orc high priests (Orc:2)
  Sonja (D:12)
  A wretched star (Abyss:2)
  A wizard (D:12)
  3 oklob plants
  4 orc knights
  5 orc sorcerers
  7 ugly things
  3 cyclopes
  4 manticores
  15 elephants
  2 black mambas
  2 smoke demons (Abyss:2)
  Joseph (D:7)
  An unseen horror (D:11)
  5 rime drakes
  6 cane toads
  A yaktaur (D:11)
  8 komodo dragons
  A tengu conjurer (D:10)
  2 ancient zymes (Abyss:2)
  2 ice devils (Orc:1)
  4 trolls
  7 polar bears
  3 hornets (Lair:6)
  8 dream sheep
  A raiju (shapeshifter) (D:13)
  32 blink frogs
  4 raiju (Abyss:2)
  A snapping turtle (Lair:3)
  12 spriggans (Lair:6)
  2 wraiths
  A large abomination (Abyss:2)
  8 wyverns
  Sigmund (D:5)
  6 fire elementals (D:13)
  25 yaks
  2 basilisks (Lair:6)
  6 fire bats (Abyss:2)
  Menkaure (D:7)
  A warg (Orc:1)
  23 water moccasins
  2 hell hounds (D:13)
  A black bear (shapeshifter) (D:10)
  2 hornet zombies (D:8)
  35 orc warriors
  An ice beast (D:8)
  8 black bears
  7 ogres
  6 centaurs
  5 necrophages (D:8)
  16 wolves
  5 boggarts (Lair:6)
  3 kobold brigands
  11 bullfrogs
  A gnoll sergeant (D:9)
  3 scorpions
  2 water moccasin zombies
  2 small abominations (Abyss:2)
  15 howler monkeys
  An electric eel (Lair:3)
  4 crimson imps (D:3)
  A human zombie (D:8)
  6 centaur zombies
  26 orc priests
  3 centaur skeletons
  3 jellies
  2 gnoll shamans
  5 hounds
  An iguana (D:5)
  28 orc wizards
  6 hell rats
  A hound skeleton (D:5)
  A mummy (D:8)
  A howler monkey zombie (D:8)
  10 gnolls
  4 adders
  A shadow imp (D:5)
  2 white imps (Lair:6)
  A worm (D:5)
  3 dart slugs
  104 orcs
  A bat (D:1)
  8 endoplasms
  5 giant cockroaches
  10 goblins
  7 hobgoblins
  12 jackals
  10 ball pythons
  6 frilled lizards
  19 kobolds
  4 rats
  A starspawn tentacle (Abyss:2)
668 creatures vanquished.

Vanquished Creatures (collateral kills)
  Rupert (Lair:6)
  Fannar (D:12)
  A white imp (Lair:6)
3 creatures vanquished.

Vanquished Creatures (others)
  A kobold demonologist (Abyss:2)
  An orc wizard (Orc:1)
  17 fungi
  A lurking horror (Abyss:2)
  54 plants
  A starspawn tentacle (Abyss:2)
75 creatures vanquished.

Grand Total: 746 creatures vanquished

Notes
Turn   | Place    | Note
-------+----------+-------------------------------------------
     0 | D:1      | polve the Demonspawn Gladiator began the quest for the Orb.
     0 | D:1      | Reached XP level 1. HP: 16/16 MP: 1/1
   206 | D:1      | Gained mutation: You sometimes gain a little power by
                  | taking damage. [demonic ancestry]
   206 | D:1      | Reached XP level 2. HP: 22/22 MP: 2/2
   561 | D:1      | Reached XP level 3. HP: 27/27 MP: 3/3
  1157 | D:2      | Reached skill level 1 in Armour
  1242 | D:2      | Found a faded altar of an unknown god.
  1801 | D:3      | Gained mutation: You have sharp toenails. [demonic
                  | ancestry]
  1801 | D:3      | Reached XP level 4. HP: 32/33 MP: 4/4
  1895 | D:3      | Found a blossoming altar of Fedhas.
  2175 | D:3      | Found a shimmering altar of Xom.
  2430 | D:3      | Gained mutation: Spells you cast may paralyse adjacent
                  | enemies. [demonic ancestry]
  2430 | D:3      | Reached XP level 5. HP: 37/38 MP: 5/5
  3067 | D:4      | Found a broken altar of Ashenzari.
  3222 | D:4      | Reached skill level 1 in Shields
  3222 | D:4      | Gained mutation: You are partially covered in yellow
                  | scales. (AC +2) [demonic ancestry]
  3222 | D:4      | Reached XP level 6. HP: 34/44 MP: 6/6
  3581 | D:4      | Found a basalt altar of Yredelemnul.
  3772 | D:5      | Entered Level 5 of the Dungeon
  3849 | D:5      | Gained mutation: A frigid envelope surrounds you and
                  | freezes all who hurt you. [potion of mutation]
  3849 | D:5      | Gained mutation: Your muscles are strong. (Str +2) [potion
                  | of mutation]
  3855 | D:5      | Reached skill level 5 in Axes
  3913 | D:5      | Noticed an orc warrior
  3923 | D:5      | Killed an orc warrior
  3924 | D:5      | Gained mutation: You are mostly covered in yellow scales.
                  | (AC +3) [demonic ancestry]
  3924 | D:5      | Reached XP level 7. HP: 34/50 MP: 7/7
  4701 | D:5      | Noticed Sigmund
  4722 | D:5      | Killed Sigmund
  4723 | D:5      | Gained mutation: You are completely covered in yellow
                  | scales. (AC +4, rCorr) [demonic ancestry]
  4723 | D:5      | Reached XP level 8. HP: 51/56 MP: 8/8
  5263 | D:6      | Found a staircase to the Ecumenical Temple.
  5328 | D:6      | Identified Zofice's Papyrus of Execration
  5381 | Temple   | Entered the Ecumenical Temple
  5398 | Temple   | Became a worshipper of Makhleb the Destroyer
  5517 | D:6      | Reached skill level 5 in Fighting
  6017 | D:7      | Reached skill level 1 in Invocations
  6059 | D:7      | Found a radiant altar of Vehumet.
  6277 | D:7      | Noticed a troll
  6280 | D:7      | Killed a troll
  6281 | D:7      | Reached skill level 5 in Invocations
  6281 | D:7      | Reached XP level 9. HP: 58/69 MP: 11/13
  6458 | D:7      | Found the +3 robe of Clouds {+Thunder rCloud rElec}
  6460 | D:7      | Noticed Menkaure
  6468 | D:7      | Killed Menkaure
  6607 | D:7      | Noticed Joseph
  6626 | D:7      | Killed Joseph
  7045 | D:8      | Reached skill level 10 in Invocations
  7547 | D:8      | Reached * piety under Makhleb
  7563 | D:8      | Found an ancient bone altar of Kikubaaqudgha.
  7581 | D:8      | Reached XP level 10. HP: 79/79 MP: 17/17
  8151 | D:8      | Found a staircase to the Lair.
  8299 | D:9      | Found an ornate altar of the Wu Jian Council.
  8379 | D:9      | Reached skill level 10 in Fighting
  8809 | D:9      | Reached ** piety under Makhleb
  9444 | D:10     | Entered Level 10 of the Dungeon
  9539 | D:10     | Noticed a two-headed ogre
  9547 | D:10     | Killed a two-headed ogre
  9773 | D:10     | Noticed a two-headed ogre
  9779 | D:10     | Killed a two-headed ogre
  9780 | D:10     | Gained mutation: You have razor-sharp toenails. [demonic
                  | ancestry]
  9780 | D:10     | Reached XP level 11. HP: 75/90 MP: 18/18
  9927 | D:10     | Found a staircase to the Orcish Mines.
 10113 | D:10     | Noticed a tengu warrior
 10120 | D:10     | Killed a tengu warrior
 10125 | D:10     | Reached skill level 10 in Axes
 10260 | D:10     | Found an opulent altar of Gozag.
 10498 | Lair:1   | Entered Level 1 of the Lair of Beasts
 10525 | Lair:1   | Noticed a four-headed hydra
 10526 | Lair:1   | Reached *** piety under Makhleb
 10532 | Lair:1   | Reached skill level 5 in Shields
 10791 | D:11     | Noticed a two-headed ogre
 10803 | D:11     | Killed a two-headed ogre
 11307 | D:11     | Noticed a boulder beetle
 11312 | D:11     | Noticed a cyan ugly thing
 11325 | D:11     | Killed a cyan ugly thing
 11329 | D:11     | Killed a boulder beetle
 11492 | D:11     | Identified a scroll of acquirement
 11493 | D:11     | Acquired the ring of Midnight {rF+++ rCorr EV+4 Dex+3}
 11804 | D:11     | Noticed an eight-headed hydra
 11812 | D:11     | Killed a six-headed hydra
 12010 | D:11     | Found a runed translucent gate.
 12010 | D:11     | Found a runed translucent gate.
 12010 | D:11     | Found a runed translucent gate.
 12010 | D:11     | Noticed a purple ugly thing
 12010 | D:11     | Noticed a white very ugly thing
 12011 | D:11     | Noticed a red ugly thing
 12011 | D:11     | Noticed a brown ugly thing
 12011 | D:11     | Noticed a white ugly thing
 12011 | D:11     | Noticed a red ugly thing
 12169 | Lair:1   | Killed a three-headed hydra
 12170 | Lair:1   | Gained mutation: You have claws for feet. [demonic
                  | ancestry]
 12170 | Lair:1   | Reached XP level 12. HP: 60/97 MP: 19/19
 12372 | Lair:1   | Reached **** piety under Makhleb
 13678 | Lair:2   | Reached skill level 10 in Shields
 13678 | Lair:2   | Identified the Almanac of the Dislocated Volcanoes
 13881 | Lair:2   | Acquired the +2 pair of gloves of Rebluar {rPois rCorr
                  | Dex-2}
 14330 | Lair:2   | Identified the +1 scale mail of the Prince of Darkness
                  | {rPois rC++ rN+ Slay-2}
 16098 | Lair:3   | Found a staircase to the Shoals.
 16110 | Lair:3   | Gained mutation: You sometimes gain power by taking damage.
                  | [demonic ancestry]
 16110 | Lair:3   | Reached XP level 13. HP: 71/103 MP: 20/20
 16680 | Lair:4   | Found a staircase to the Snake Pit.
 16881 | Lair:4   | Reached ***** piety under Makhleb
 17476 | Lair:5   | Found a staircase to the Slime Pits.
 17476 | Lair:5   | Found a viscous altar of Jiyva.
 18034 | Lair:6   | Entered Level 6 of the Lair of Beasts
 18229 | Lair:6   | Noticed Rupert
 18500 | Lair:6   | Killed Rupert
 19037 | Lair:6   | Gained mutation: You punish those that try to bend your
                  | will. (Will+) [demonic ancestry]
 19037 | Lair:6   | Reached XP level 14. HP: 109/110 MP: 21/21
 20490 | Orc:1    | Entered Level 1 of the Orcish Mines
 20732 | Orc:1    | Reached ****** piety under Makhleb
 20859 | Orc:1    | Noticed Gastronok
 20883 | Orc:1    | Killed Gastronok
 21027 | Orc:1    | Found Zeoces's Armour Shop.
 21714 | Orc:2    | Entered Level 2 of the Orcish Mines
 21714 | Orc:2    | Found a staircase to the Elven Halls.
 22746 | Orc:2    | Noticed an orc warlord
 22923 | Orc:2    | Killed an orc warlord
 23269 | Orc:2    | Found Kag Kasy's Antique Armour Shop.
 23270 | Orc:2    | Found Rudweafo's Antique Weapon Shop.
 23272 | Orc:2    | Found Erazxaxt's General Store.
 23272 | Orc:2    | Found Reran's Jewellery Boutique.
 23277 | Orc:2    | Bought a shiny crystal plate armour for 1909 gold pieces
 23876 | D:11     | HP: 5/110 [white ugly thing (32)]
 24282 | D:11     | Killed a brown very ugly thing
 24317 | D:11     | Found a runed translucent gate.
 24317 | D:11     | Found a runed translucent gate.
 24318 | D:11     | Noticed rigao's ghost (journeyman MfVM)
 24320 | D:11     | Found a runed translucent gate.
 24481 | D:12     | Noticed Fannar
 24500 | D:12     | Killed Fannar
 25016 | D:12     | Noticed Sonja
 25041 | D:12     | Killed Sonja
 25261 | D:13     | Reached skill level 15 in Axes
 25261 | D:13     | Reached XP level 15. HP: 112/115 MP: 22/22
 25485 | D:13     | Noticed Azrael
 25518 | D:13     | Killed Azrael
 26014 | D:13     | Cast into level 2 of the Abyss (a wizard)
 26123 | Abyss:2  | Noticed a tentacled starspawn
 26132 | Abyss:2  | Killed a tentacled starspawn
 26133 | Abyss:2  | Reached skill level 15 in Shields
 26272 | Abyss:2  | Slain by a sixfirhy

Illustrated notes

Levels and vault maps discovered:
D:1:      dpeg_arrival_boxes_within_box, layout_rooms, serial_forest,
          infiniplex_forest_corner_2, infiniplex_forest_lined_room_3,
          infiniplex_forest_3_way, infiniplex_forest_split,
          infiniplex_forest_lined_2, infiniplex_forest_corner_1,
          infiniplex_forest_straight_2, infiniplex_forest_straight_3
D:2:      layout_basic, shapermc_ecumenical_altar_mp_vishouse
D:3:      wander_river, layout_loops_cross, led_xom_imps, lemuel_doored_altar
D:4:      layout_basic, lemuel_round_altar, ashenzari_altar_1, amethyst_killhole
D:5:      layout_gridville, uniq_sigmund
D:6:      layout_basic, temple_pool_b, minivault_11
D:7:      layout_basic, nicolae_vehumet_radiance, corexii_hall_statues_x,
          minmay_misc_feat_doors, uniq_menkaure, uniq_joseph
D:8:      layout_gridville, lemuel_mausoleum_altar_kikubaaqudgha,
          minmay_lair_entry_grove, chequers_garden
D:9:      layout_grid_maze, kennysheep_little_box, special_room
          [special_room_orc], chequers_serial_rivers_micro_a
D:10:     layout_roguey, grunt_gozag_breadcrumbs, david_orc_3
D:11:     layout_rooms, ploomutoo_gammafunk_ghost_potion_laboratory,
          grunt_potential
D:12:     layout_irregular_city, uniq_sonja, uniq_fannar
D:13:     layout_cave_pods, david_vaults_5, uniq_azrael
Temple:   zaba_magenta_temple
Lair:1:   layout_chaotic_city, grunt_megastairs_2, minmay_lair_oklob_chamber
Lair:2:   layout_regular_city, minmay_lair_oklob_items,
          grunt_forest_small_clearing_treed, grunt_megastairs_1
Lair:3:   nzn_winding_woodlands_cross [nzn_winding_woodlands_5x15_parted,
          nzn_winding_woodlands_5x15_split_checker,
          nzn_winding_woodlands_5x15_zeroes,
          nzn_winding_woodlands_5x15_pathside_ponds,
          nzn_winding_woodlands_15x15_eel_pit], layout_cave_pods,
          minmay_shoals_entry_hut, lemuel_fruit_fields
Lair:4:   layout_cave_shapes, dummy_snake_entry, serial_bayou_shore_a
Lair:5:   layout_cellular_growth, slime_altar_1
Lair:6:   minmay_lair_end_enchanted_forest, layout_long_grid,
          bobbens_ice_dragon_lair, uniq_rupert
Orc:1:    layout_caves, serial_shops, nicolae_shop_window_shopping,
          portal_ice_cave_demonic_guard, uniq_gastronok
Orc:2:    st_orc_congregation, layout_caves
Abyss:2:  base:
Lair:4

Skill      XL: |  1  2  3  4  5  6  7  8  9 10 11 12 13 14 15 |
---------------+----------------------------------------------+-----
Axes           | 3 4 5 7 9 10 11 13 15 | 15.4
Armour         | 2 3 4 |  4.0
Shields        | 1 3 4 9 11 13 14 15 | 15.0
Fighting       | 6 7 10 | 10.0
Invocations    | 5 10 | 10.5
Throwing       | |  1.7
Dodging        | |  2.6

Action                   |  1- 3 |  4- 6 |  7- 9 | 10-12 | 13-15 || total
-------------------------+-------+-------+-------+-------+-------++-------
Melee: War axe           |   109 |   164 |   254 |   287 |       ||   814
       Kick              |       |    46 |    15 |   104 |   301 ||   466
       Unarmed           |       |       |     2 |       |       ||     2
       Broad axe         |       |       |       |   226 |   838 ||  1064
       Hand axe          |       |       |       |    11 |       ||    11
Invok: Minor Destruction |       |       |       |    16 |     8 ||    24
       Major Destruction |       |       |       |     2 |       ||     2
       Greater Servant o |       |       |       |       |     2 ||     2
       Lesser Servant of |       |       |       |       |     1 ||     1
  Use: Potion            |       |     2 |     6 |     1 |     2 ||    11
       Scroll            |       |       |       |    17 |    18 ||    35
 Stab: Distracted        |       |       |       |       |     1 ||     1
Armor: Leather armour    |    26 |       |       |       |       ||    26
       Chain mail        |    39 |   169 |    84 |       |     2 ||   294
       Skin              |       |       |     2 |       |       ||     2
       Ring mail         |       |       |    49 |   259 |   188 ||   496
       Crystal plate arm |       |       |       |       |   111 ||   111
Dodge: Dodged            |    80 |    84 |   151 |   307 |   455 ||  1077
       Repelled          |       |       |       |     2 |     5 ||     7
Block: Buckler           |       |    19 |    69 |    34 |       ||   122
       Kite shield       |       |       |       |   228 |   590 ||   818

Table legend: (Time is in decaauts)
 A = Elapsed time spent in this place.
 B = Non-inter-level travel time spent in this place.
 C = Inter-level travel time spent in this place.
 D = Time resting spent in this place.
 E = Time spent auto-exploring this place.
 F = Levels seen in this place.
 G = Mean time per level.
                   A        B        C        D        E       F      G
               +--------+--------+--------+--------+--------+-----+--------+
         Total |  26573 |  25451 |   1122 |     37 |  21140 |  23 | 1155.3 |
       Dungeon |  14830 |  14070 |    760 |      6 |  11774 |  13 | 1140.8 |
        Temple |     78 |     60 |     18 |      0 |     51 |   1 |   78.0 |
          Lair |   8358 |   8056 |    302 |     19 |   6778 |   6 | 1393.0 |
  Orcish Mines |   3057 |   3016 |     41 |     12 |   2444 |   2 | 1528.5 |
         Abyss |    247 |    247 |      0 |      0 |     93 |   1 |  247.0 |
               +--------+--------+--------+--------+--------+-----+--------+

Top non-repeatable levels by time:
  Lair:6: 2302 daAuts
    D:10: 1860 daAuts
   Orc:1: 1533 daAuts
  Lair:1: 1529 daAuts
   Orc:2: 1524 daAuts
     D:8: 1507 daAuts
  Lair:3: 1482 daAuts
    D:11: 1446 daAuts
     D:9: 1309 daAuts
  Lair:2: 1249 daAuts
     D:3: 1222 daAuts
     D:5: 1221 daAuts
     D:7: 1055 daAuts
     D:1: 966 daAuts
  Lair:4: 922 daAuts
